 Dungeon Crawl Stone Soup version 0.17.0-56-gd8de76c (webtiles) character file.

1026 kosy22 the Ducker (level 8, 0/78 HPs)
             Began as a Troll Fighter on Dec 6, 2015.
             Slain by an ogre
             ... wielding a +0 giant spiked club
              (15 damage)
             ... on level 5 of the Dungeon.
             The game lasted 00:12:00 (3549 turns).

kosy22 the Ducker (Troll Fighter)                   Turns: 3549, Time: 00:12:00

Health: 0/78       AC: 11    Str: 27    XL:     8   Next: 2%
Magic:  7/7        EV: 11    Int:  7    God:    Xom [..*...]
Gold:   236        SH:  0    Dex:  9    Spells: 0 memorised, 7 levels left

rFire  . . .     SeeInvis .     h - +2 scythe (protect)
rCold  . . .     Clarity  .     a - +1 robe
rNeg   . . .     SustAt   .     (shield currently unavailable)
rPois  .         Gourm    +     (helmet restricted)
rElec  .         Spirit   .     (no cloak)
rCorr  .         Warding  .     (gloves unavailable)
rMut   .         Stasis   .     (boots unavailable)
MR     .....                    (no amulet)
Stlth  +.........               t - +3 ring of intelligence
                                e - ring of flight

@: not resistant to hostile enchantments, very unstealthy
A: unfitting armour, claws 3, fast metabolism 3, gourmand, regeneration 2,
shaggy fur 1, tough skin 2
a: Renounce Religion, Evoke Flight


You were on level 5 of the Dungeon.
You worshipped Xom.
You were a toy of Xom.
You were not hungry.

You visited 1 branch of the dungeon, and saw 5 of its levels.

You collected 236 gold pieces.

Inventory:

Hand Weapons
 h - a +2 scythe of protection (weapon)
 m - a +0 dagger of draining
 p - a +0 blowgun
Missiles
 r - 47 poisoned needles
Armour
 a - a +1 robe (worn)
 b - a +0 shield
Jewellery
 e - a ring of flight (left claw)
 t - a +3 ring of intelligence (right claw)
Scrolls
 f - a scroll of enchant armour
 n - a scroll of teleportation {unknown}
 o - a scroll of identify
 u - 2 scrolls of enchant weapon
 v - a scroll of fear {unknown}
 w - 2 scrolls of remove curse {unknown}
Potions
 c - 2 potions of might
 g - 3 potions of degeneration {unknown}
 i - a potion of invisibility
 j - a potion of brilliance
Books
 s - a book of Annihilations

   Spells                             Type                      Level
   a - Poison Arrow                   Conjuration/Poison           6
   b - Chain Lightning                Conjuration/Air              8
   c - Lehudib's Crystal Spear        Conjuration/Earth            8
   d - Glaciate                       Conjuration/Ice              9
   e - Fire Storm                     Conjuration/Fire             9
Comestibles
 d - a bread ration
 k - 3 meat rations


   Skills:
 + Level 3.8 Fighting
 + Level 0.1 Short Blades
 + Level 1.5 Throwing
 + Level 5.6 Dodging
 + Level 0.5 Stealth
 + Level 4.1 Shields
 + Level 4.1 Unarmed Combat


You had 7 spell levels left.
You didn't know any spells.

Dungeon Overview and Level Annotations

Branches:
Dungeon (5/15)             Temple (0/1) D:5

Altars:
Fedhas
Sif Muna
Xom

Shops:
D:5 [}


Innate Abilities, Weirdness & Mutations

You are too large for most types of armour.
You have claws for hands.
Your metabolism is lightning-fast.
You like to eat raw meat.
You heal very quickly.
You are covered in fur (AC +1).
You have very tough skin (AC +2).


Message History

The ogre completely misses your butterfly.
The ogre hits your butterfly with a giant spiked club!
Your butterfly dies!
The ogre completely misses your butterfly.
Okay, then.
Drink which item? (? for menu, Esc to quit)
It was a potion of cancellation.
You feel magically purged.
Xom thinks this is hilarious!
The ogre completely misses your butterfly.
The orc hits your butterfly with a trident.
Your butterfly dies!
Read which item? (? for menu, Esc to quit)
As you read the scroll labeled ZEPSIEWEFU, it crumbles to dust.
It is a scroll of enchant weapon.
Enchant which weapon? (? for menu, Esc to quit)
Your +1 scythe of protection glows red for a moment.
The orc priest hits your butterfly but does no damage.
The ogre hits you with a giant spiked club!
You die...
Xom bursts into laughter!

...##.######....#......##........
.....)# #....####..###........
.....#############......'........
.....#,..#...#.. ###..###.......#
#...## ...⌠... #..# ##......#
#...#*, ,#...#, , #..# #....∩.#
#?..#######.###### #... +.......
#..$.#...#...#...###... #......#
#......⌠...⌠obbb@##....# #......#
#...##...#..o#oO.##.....##......#
###########.#######......#.######
,,,#...#, , #.............. ****
,>...⌠..$ #......#.###### ,
,*,..#...#.. #....$.#.#<# , ,
*########### #......#.#'### ,,* *
#.....(#.....# ,,,,,*
#.##...#.(...#


You could see an ogre, an orc priest and 2 orcs.

Vanquished Creatures
  The ghost of bollicks1999 the Covered, an amateur MiFi of Okawaru (D:5)
  Sigmund (D:5)
  The ghost of Chiseanne the Sneak, an amateur SpAs (D:3)
  An ogre (D:4)
  A centaur (D:3)
  Blork the orc (D:5)
  A centaur skeleton (D:4)
  An orc priest (D:3)
  A hound (D:4)
  2 orc wizards (D:3)
  A hound zombie (D:5)
  7 adders
  2 oozes
  An adder skeleton (D:4)
  21 orcs
  11 bats
  2 giant cockroaches
  10 goblins
  4 hobgoblins
  2 quokkas
  2 ball pythons
  2 giant newts
  11 kobolds
  10 rats
97 creatures vanquished.

Notes
Turn   | Place    | Note
--------------------------------------------------------------
     0 | D:1      | kosy22 the Troll Fighter began the quest for the Orb.
     0 | D:1      | Reached XP level 1. HP: 22/22 MP: 0/0
   269 | D:1      | Reached XP level 2. HP: 22/29 MP: 1/1
   830 | D:2      | Found a faded altar to an unknown god.
   851 | D:2      | Became a worshipper of Xom the Tricky
   884 | D:2      | Reached XP level 3. HP: 34/36 MP: 2/2
   917 | D:2      | XOM: potion effect (berserk rage)
   986 | D:2      | Reached skill level 3 in Dodging
  1187 | D:2      | Reached XP level 4. HP: 40/44 MP: 3/3
  1711 | D:3      | XOM: confusion (+ monsters)
  1767 | D:3      | XOM is BORED!
  1767 | D:3      | XOM: mild Trmt miscast
  1842 | D:3      | Reached XP level 5. HP: 41/52 MP: 4/4
  2082 | D:3      | Noticed Chiseanne's ghost (amateur SpAs)
  2097 | D:3      | XOM: enchant monster (good)
  2104 | D:3      | Killed Chiseanne's ghost
  2151 | D:3      | Found a deep blue altar of Sif Muna.
  2202 | D:3      | XOM: colour smoke trail
  2223 | D:3      | Noticed a centaur
  2229 | D:3      | XOM: enchant monster (good)
  2238 | D:3      | Reached XP level 6. HP: 58/61 MP: 5/5
  2242 | D:3      | Killed a centaur
  2242 | D:3      | Reached skill level 4 in Dodging
  2290 | D:3      | XOM: mild Pois miscast
  2389 | D:3      | XOM: mild Chrm miscast
  2564 | D:3      | XOM: harmless Hex miscast
  2578 | D:3      | Reached skill level 1 in Throwing
  2603 | D:3      | XOM: noise
  2606 | D:3      | XOM: chaos upgrade
  2654 | D:3      | XOM: summons 3 hostile demons
  2875 | D:4      | XOM: mild Chrm miscast
  2892 | D:4      | Reached XP level 7. HP: 67/67 MP: 6/6
  2910 | D:4      | XOM: mild Fire miscast
  3208 | D:4      | XOM: harmless Divn miscast
  3243 | D:5      | Entered Level 5 of the Dungeon
  3248 | D:5      | Noticed bollicks1999's ghost (amateur MiFi)
  3254 | D:5      | XOM: potion effect (might)
  3261 | D:5      | Killed bollicks1999's ghost
  3261 | D:5      | Reached skill level 5 in Dodging
  3270 | D:5      | Found Henufeab's Gadget Shop.
  3303 | D:5      | XOM: divination: detect creatures
  3318 | D:5      | Noticed Sigmund
  3348 | D:5      | HP: 2/67 [something (14)]
  3354 | D:5      | HP: 3/67 [something (9)]
  3364 | D:5      | HP: 1/67 [something (6)]
  3370 | D:5      | XOM: smoke on damage
  3372 | D:5      | Killed Sigmund
  3441 | D:5      | Found Puwiaw's Antique Armour Shop.
  3441 | D:5      | Noticed Blork the orc
  3453 | D:5      | Killed Blork the orc
  3453 | D:5      | Reached XP level 8. HP: 21/78 MP: 7/7
  3494 | D:5      | Found a blossoming altar of Fedhas.
  3519 | D:5      | XOM: divination: magic mapping
  3537 | D:5      | XOM: butterfly on damage
  3549 | D:5      | Slain by an ogre

Action                   |  1- 3 |  4- 6 |  7- 9 || total
-------------------------+-------+-------+-------++-------
Melee: Unarmed           |    36 |   159 |    57 ||   252
       Dagger            |    70 |    67 |       ||   137
       Scythe            |       |       |    14 ||    14
 Fire: Blowgun           |       |    16 |     2 ||    18
 Abil: Evoke Flight      |       |       |     1 ||     1
  Use: Scroll            |     5 |       |     2 ||     7
       Potion            |       |       |     8 ||     8
 Stab: Sleeping          |     1 |     1 |       ||     2
  Eat: Chunk             |     4 |    12 |     2 ||    18
       Bread ration      |     2 |       |     1 ||     3
